TOP OF THE 1ST |
---|
UCLA Bruins batting - Pitching for Georgetown Hoyas : LHP Jack Mathews | Pitching: LHP Jack Mathews | | Batting: RHB Kent Bannatyne | 0-0: Ball 1-0: Ball 2-0: Ball 3-0: Base on Balls | Batting: LHB Manny Kennedy | 0-0: Called Strike 0-1: Foul Ball, location: 2F 0-2: Ball 1-2: Ball 2-2: Strikes out looking | Batting: LHB Rob Phillips | 0-0: Ball 1-0: Swinging Strike 1-1: Foul Ball, location: 2F 1-2: Foul Ball, location: 2F 1-2: Strikes out looking | Batting: LHB Federico Medina | 0-0: Called Strike 0-1: Ball 1-1: SINGLE (Line Drive, 34) Kent Bannatyne to second | Batting: RHB Lance Cherry | 0-0: Ball 1-0: Fly out, F7 (Flyball, 78S) | Top of the 1st over - 0 runs, 1 hit, 0 errors, 2 left on base; UCLA 0 - Georgetown 0 | BOTTOM OF THE 1ST |
---|
Georgetown Hoyas batting - Pitching for UCLA Bruins : LHP Bryan Vaughan | Pitching: LHP Bryan Vaughan | | Batting: SHB Luis Garza | 0-0: Ball 1-0: Ball 2-0: Called Strike 2-1: Ball 3-1: Base on Balls | Batting: RHB Earl Chase | 0-0: Called Strike 0-1: Ball 1-1: Ball 2-1: Ball 3-1: Base on Balls Luis Garza to second | Batting: RHB Terry Davis | 0-0: Ball 1-0: Ball 2-0: Swinging Strike 2-1: Foul Ball, location: 2F 2-2: Ball 3-2: Strikes out swinging | Batting: RHB Louis Miller | 0-0: Foul Ball, location: 2F 0-1: Foul Ball, location: 2F 0-2: Ball 1-2: Ball 2-2: Fly out, F8 (Line Drive, 8LM) | Batting: RHB Javier Moreno | 0-0: Foul Ball, location: 2F 0-1: Ball 1-1: 3-RUN HOME RUN (Flyball, 7D), Distance : 344 ft | Batting: LHB Robert Lucas | 0-0: Fly out, F8 (Flyball, 8LS) | Bottom of the 1st over - 3 runs, 1 hit, 0 errors, 0 left on base; UCLA 0 - Georgetown 3 | TOP OF THE 2ND |
---|
UCLA Bruins batting - Pitching for Georgetown Hoyas : LHP Jack Mathews | Batting: RHB Jorge Pacheco | 0-0: Ball 1-0: Called Strike 1-1: Foul Ball, location: 2F 1-2: Strikes out swinging | Batting: RHB Juan Valdéz | 0-0: Ball 1-0: Foul Ball, location: 2F 1-1: Ball 2-1: Foul Ball, location: 2F 2-2: Ball 3-2: Ground out 5-3 (Groundball, 56) | Batting: RHB Kent Matthews | 0-0: Called Strike 0-1: Ball 1-1: Foul Ball, location: 2F 1-2: Foul Ball, location: 2F 1-2: Ball 2-2: Ball 3-2: Foul Ball, location: 2F 3-2: Strikes out looking | Top of the 2nd over - 0 runs, 0 hits, 0 errors, 0 left on base; UCLA 0 - Georgetown 3 | BOTTOM OF THE 2ND |
---|
Georgetown Hoyas batting - Pitching for UCLA Bruins : LHP Bryan Vaughan | Batting: LHB Boyd Boone | 0-0: Ball 1-0: Ball 2-0: Ball 3-0: Base on Balls | Batting: RHB Dave Hayes | 0-0: Ball 1-0: Grounds into double play, 4-6-3 (Groundball, 34) | Batting: LHB Doug Reed | 0-0: Ball 1-0: Ball 2-0: Ball 3-0: Called Strike 3-1: Foul Ball, location: 2F 3-2: Base on Balls | Batting: SHB Luis Garza | 0-0: Ground out 5-3 (Groundball, 5S) | Bottom of the 2nd over - 0 runs, 0 hits, 0 errors, 1 left on base; UCLA 0 - Georgetown 3 | TOP OF THE 3RD |
---|
UCLA Bruins batting - Pitching for Georgetown Hoyas : LHP Jack Mathews | Batting: SHB Lee Townsend | 0-0: Foul Ball, location: 2F 0-1: Ball 1-1: Ball 2-1: Ball 3-1: Base on Balls | Batting: RHB Kent Bannatyne | 0-0: DOUBLE (Flyball, 8LD) Lee Townsend to third | Batting: LHB Manny Kennedy | 0-0: Ball 1-0: Called Strike 1-1: Foul Ball, location: 2F 1-2: DOUBLE (Groundball, 5L) Lee Townsend scores Kent Bannatyne scores | Batting: LHB Rob Phillips | 0-0: Ball 1-0: SINGLE (Popup, 56D) Manny Kennedy to third | Batting: LHB Federico Medina | 0-0: Ball 1-0: Ball 2-0: Ball 3-0: Called Strike 3-1: Base on Balls Rob Phillips to second | Batting: RHB Lance Cherry | 0-0: Called Strike 0-1: Ball 1-1: Ball 2-1: Fly out, F5 (Flyball, 5D) | Batting: RHB Jorge Pacheco | 0-0: Ball 1-0: Called Strike 1-1: Fly out, F7 (Flyball, 78D) Runner from 3rd tags up, OUT at HOME | Top of the 3rd over - 2 runs, 3 hits, 0 errors, 2 left on base; UCLA 2 - Georgetown 3 | BOTTOM OF THE 3RD |
---|
Georgetown Hoyas batting - Pitching for UCLA Bruins : LHP Bryan Vaughan | Batting: RHB Earl Chase | 0-0: Ball 1-0: Ball 2-0: Ball 3-0: Base on Balls | Batting: RHB Terry Davis | 0-0: Ball 1-0: Ball 2-0: Called Strike 2-1: Ball 3-1: Base on Balls Earl Chase to second | Batting: RHB Louis Miller | 0-0: Ball 1-0: Ball 2-0: Ball Wild Pitch! Earl Chase to third Terry Davis to second 3-0: Called Strike 3-1: Base on Balls | Batting: RHB Javier Moreno | 0-0: Foul Ball, location: 2F 0-1: Ball 1-1: Ball 2-1: Foul Ball, location: 2F 2-2: Foul Ball, location: 2F 2-2: Foul Ball, location: 2F 2-2: DOUBLE (Line Drive, 9LD) Earl Chase scores Terry Davis scores Louis Miller to third | Batting: LHB Robert Lucas | 0-0: Swinging Strike 0-1: Foul Ball, location: 2F 0-2: Ball 1-2: Foul Ball, location: 2F 1-2: Strikes out looking | Batting: LHB Boyd Boone | 0-0: Called Strike 0-1: Ball 1-1: Called Strike 1-2: Strikes out looking | Batting: RHB Dave Hayes | 0-0: Ball 1-0: Fly out, F9 (Flyball, 89M) | Bottom of the 3rd over - 2 runs, 1 hit, 0 errors, 2 left on base; UCLA 2 - Georgetown 5 | TOP OF THE 4TH |
---|
UCLA Bruins batting - Pitching for Georgetown Hoyas : LHP Jack Mathews | Batting: RHB Juan Valdéz | 0-0: Foul Ball, location: 2F 0-1: Ball 1-1: Foul Ball, location: 2F 1-2: Foul Ball, location: 2F 1-2: Ground out 5-3 (Groundball, 5) | Batting: RHB Kent Matthews | 0-0: Ball 1-0: Foul Ball, location: 2F 1-1: Swinging Strike 1-2: Foul Ball, location: 2F 1-2: Ball 2-2: Ball 3-2: Base on Balls | Batting: SHB Lee Townsend | 0-0: Ball 1-0: Called Strike 1-1: Ball 2-1: Ball 3-1: Foul Ball, location: 2F 3-2: Foul Ball, location: 2F 3-2: Base on Balls Kent Matthews to second | Pitching: RHP Joe Smith | | Batting: RHB Kent Bannatyne | 0-0: Fly out, F7 (Flyball, 7S) | Batting: LHB Manny Kennedy | 0-0: Ball 1-0: Ground out 6-3 (Groundball, 6MS) | Top of the 4th over - 0 runs, 0 hits, 0 errors, 2 left on base; UCLA 2 - Georgetown 5 | BOTTOM OF THE 4TH |
---|
Georgetown Hoyas batting - Pitching for UCLA Bruins : LHP Bryan Vaughan | Batting: LHB Doug Reed | 0-0: Ball 1-0: Foul Ball, location: 2F 1-1: Ball 2-1: Ball 3-1: Foul Ball, location: 2F 3-2: Base on Balls | Batting: SHB Luis Garza | 0-0: Called Strike 0-1: Ball 1-1: Ball 2-1: Ball 3-1: Base on Balls Doug Reed to second | Pitching: LHP Porter Dobie | | Batting: RHB Earl Chase | 0-0: Ball 1-0: Swinging Strike 1-1: Ball 2-1: Called Strike 2-2: Ball 3-2: Base on Balls Doug Reed to third Luis Garza to second | Batting: RHB Terry Davis | 0-0: Ball 1-0: Ball 2-0: Fly out, F8 (Flyball, 8RD) Runner from 3rd tags up, SCORES, throw made | Batting: RHB Louis Miller | 0-0: Called Strike Luis Garza steals 3rd base Earl Chase to second 0-1: Swinging Strike 0-2: Ball 1-2: SINGLE (Flyball, 7LS) Luis Garza scores Earl Chase to third | Batting: RHB Javier Moreno | 0-0: Called Strike 0-1: Ball 1-1: Ball 2-1: Ball 3-1: Base on Balls Louis Miller to second | Batting: LHB Robert Lucas | 0-0: Foul Ball, location: 2F 0-1: Foul Ball, location: 2F 0-2: Ball 1-2: Ball 2-2: Strikes out looking | Batting: LHB Boyd Boone | 0-0: Ball 1-0: Called Strike 1-1: Ball 2-1: Ground out U3 (Groundball, 3) | Bottom of the 4th over - 2 runs, 1 hit, 0 errors, 3 left on base; UCLA 2 - Georgetown 7 | TOP OF THE 5TH |
---|
UCLA Bruins batting - Pitching for Georgetown Hoyas : RHP Joe Smith | Batting: LHB Rob Phillips | 0-0: Ground out 6-3 (Groundball, 6) | Batting: LHB Federico Medina | 0-0: Ball 1-0: Called Strike 1-1: Foul Ball, location: 2F 1-2: Foul Ball, location: 2F 1-2: Ball 2-2: Strikes out swinging | Batting: RHB Lance Cherry | 0-0: Ball 1-0: Ball 2-0: SINGLE (Line Drive, 78S) | Batting: RHB Jorge Pacheco | 0-0: Swinging Strike 0-1: Ball 1-1: Ball 2-1: Ground out 1-3 (Groundball, P) | Top of the 5th over - 0 runs, 1 hit, 0 errors, 1 left on base; UCLA 2 - Georgetown 7 | BOTTOM OF THE 5TH |
---|
Georgetown Hoyas batting - Pitching for UCLA Bruins : LHP Porter Dobie | Batting: RHB Dave Hayes | 0-0: Called Strike 0-1: Foul Ball, location: 2F 0-2: Ball 1-2: SINGLE (Line Drive, 56D) | Batting: LHB Doug Reed | 0-0: Swinging Strike 0-1: Fly out, F6 (Popup, P) | Batting: SHB Luis Garza | 0-0: Called Strike 0-1: Swinging Strike 0-2: Strikes out swinging | Batting: RHB Earl Chase | 0-0: Swinging Strike 0-1: Ground out 4-3 (Groundball, 34) | Bottom of the 5th over - 0 runs, 1 hit, 0 errors, 1 left on base; UCLA 2 - Georgetown 7 | TOP OF THE 6TH |
---|
UCLA Bruins batting - Pitching for Georgetown Hoyas : RHP Joe Smith | Batting: RHB Juan Valdéz | 0-0: TRIPLE (Groundball, 3L) | Batting: RHB Kent Matthews | 0-0: Foul Ball, location: 2F 0-1: Ground out 4-3 (Groundball, 4) Juan Valdéz scores | Batting: SHB Lee Townsend | 0-0: Called Strike 0-1: Ball 1-1: Foul Ball, location: 2F 1-2: Fly out, F9 (Flyball, 9) | Batting: RHB Kent Bannatyne | 0-0: Foul Ball, location: 2F 0-1: Ball 1-1: Swinging Strike 1-2: SINGLE (Groundball, 56D) | Batting: LHB Manny Kennedy | 0-0: Called Strike 0-1: Ball 1-1: Fielders Choice at 2nd, 6-4 (Groundball, 6) | Top of the 6th over - 1 run, 2 hits, 0 errors, 1 left on base; UCLA 3 - Georgetown 7 | BOTTOM OF THE 6TH |
---|
Georgetown Hoyas batting - Pitching for UCLA Bruins : LHP Porter Dobie | Batting: RHB Terry Davis | 0-0: Ball 1-0: Ball 2-0: Called Strike 2-1: SINGLE (Flyball, 9S) | Batting: RHB Louis Miller | 0-0: Foul Ball, location: 2F 0-1: Swinging Strike 0-2: Strikes out swinging | Batting: RHB Javier Moreno | 0-0: Foul Ball, location: 2F 0-1: Called Strike 0-2: Ball 1-2: Strikes out swinging | Batting: LHB Robert Lucas | 0-0: Foul Ball, location: 2F 0-1: Ball 1-1: Ball 2-1: Foul Ball, location: 2F 2-2: Ground out 1-3 (Groundball, 15S) | Bottom of the 6th over - 0 runs, 1 hit, 0 errors, 1 left on base; UCLA 3 - Georgetown 7 | TOP OF THE 7TH |
---|
UCLA Bruins batting - Pitching for Georgetown Hoyas : RHP Joe Smith | Batting: LHB Rob Phillips | 0-0: Called Strike 0-1: Called Strike 0-2: Fly out, F7 (Flyball, 7) | Batting: LHB Federico Medina | 0-0: Ball 1-0: Called Strike 1-1: Ball 2-1: Swinging Strike 2-2: Strikes out looking | Batting: RHB Lance Cherry | 0-0: Swinging Strike 0-1: Ball 1-1: Ball 2-1: Ball 3-1: Base on Balls | Batting: RHB Jorge Pacheco | 0-0: Called Strike 0-1: Ball Wild Pitch! Lance Cherry to second 1-1: Foul Ball, location: 2F 1-2: Strikes out swinging | Top of the 7th over - 0 runs, 0 hits, 0 errors, 1 left on base; UCLA 3 - Georgetown 7 | BOTTOM OF THE 7TH |
---|
Georgetown Hoyas batting - Pitching for UCLA Bruins : LHP Porter Dobie | Batting: LHB Boyd Boone | 0-0: Fly out, F4 (Popup, 4MS) | Batting: RHB Dave Hayes | 0-0: Called Strike 0-1: Swinging Strike 0-2: Strikes out looking | Batting: LHB Doug Reed | 0-0: Ball 1-0: Ball 2-0: Ball 3-0: Called Strike 3-1: Base on Balls | Pitching: RHP Kevin Lester | | Batting: SHB Luis Garza | 0-0: Fly out, F9 (Flyball, 89M) | Bottom of the 7th over - 0 runs, 0 hits, 0 errors, 1 left on base; UCLA 3 - Georgetown 7 | TOP OF THE 8TH |
---|
UCLA Bruins batting - Pitching for Georgetown Hoyas : RHP Joe Smith | Batting: RHB Juan Valdéz | 0-0: Ball 1-0: Called Strike 1-1: SINGLE (Groundball, 6D) | Batting: RHB Kent Matthews | 0-0: Fly out, F9 (Flyball, 9) | Batting: SHB Lee Townsend | 0-0: Ball 1-0: Ball 2-0: Ball 3-0: Called Strike 3-1: Base on Balls Juan Valdéz to second | Pitching: RHP Clay Evans | | Batting: RHB Kent Bannatyne | 0-0: Ball 1-0: Called Strike 1-1: Ball 2-1: Ball 3-1: Foul Ball, location: 2F 3-2: Foul Ball, location: 2F 3-2: Base on Balls Juan Valdéz to third Lee Townsend to second | Batting: LHB Manny Kennedy | 0-0: Ball 1-0: Ball 2-0: Called Strike 2-1: Ball 3-1: Grounds out, U3 (Groundball, 3L) Juan Valdéz scores Lee Townsend to third | Batting: LHB Rob Phillips | 0-0: Ball 1-0: DOUBLE (Line Drive, 78D) Lee Townsend scores Kent Bannatyne scores | Batting: LHB Federico Medina | 0-0: Foul Ball, location: 2F 0-1: Ball 1-1: Ball 2-1: Called Strike 2-2: Fly out, F8 (Flyball, 78D) | Top of the 8th over - 3 runs, 2 hits, 0 errors, 1 left on base; UCLA 6 - Georgetown 7 | BOTTOM OF THE 8TH |
---|
Georgetown Hoyas batting - Pitching for UCLA Bruins : RHP Kevin Lester | Batting: RHB Earl Chase | 0-0: Called Strike 0-1: Ball 1-1: Foul Ball, location: 2F 1-2: Strikes out swinging | Batting: RHB Terry Davis | 0-0: Ball 1-0: Called Strike 1-1: SINGLE (Line Drive, 8RS) | Batting: RHB Louis Miller | 0-0: Ball 1-0: Fly out, F3 (Popup, 3SF) | Batting: RHB Javier Moreno | 0-0: Called Strike Terry Davis is caught stealing 2nd base | Bottom of the 8th over - 0 runs, 1 hit, 0 errors, 0 left on base; UCLA 6 - Georgetown 7 | TOP OF THE 9TH |
---|
UCLA Bruins batting - Pitching for Georgetown Hoyas : RHP Clay Evans | Batting: RHB Lance Cherry | 0-0: Called Strike 0-1: Ball 1-1: Foul Ball, location: 2F 1-2: Ball 2-2: Ball 3-2: Fly out, F9 (Flyball, 9LM) | Batting: RHB Jorge Pacheco | 0-0: Ball 1-0: Ball 2-0: Foul Ball, location: 2F 2-1: Ball 3-1: Fly out, F5 (Popup, 5S) | Batting: RHB Juan Valdéz | 0-0: SINGLE (Groundball, 6D) | Pinch Hitting: RHB Phil Thomas | 0-0: Ball 1-0: Ball 2-0: Ball 3-0: Base on Balls Juan Valdéz to second | Batting: SHB Lee Townsend | 0-0: Foul Ball, location: 2F 0-1: Foul Ball, location: 2F 0-2: Ball 1-2: Foul Ball, location: 2F 1-2: Strikes out swinging | Top of the 9th over - 0 runs, 1 hit, 0 errors, 2 left on base; UCLA 6 - Georgetown 7 | |